 Dungeon Crawl Stone Soup version 0.30-a0-920-g7493c07aab (webtiles) character file.

Game seed: 7795931053647894419

95 cforsyth the Covered (level 4, 0/37 HPs)
             Began as a Human Fighter on Mar 21, 2023.
             Slain by Ijyb
             ... wielding a +7 club
              (10 damage)
             ... on level 3 of the Dungeon.
             The game lasted 00:01:30 (1278 turns).

cforsyth the Covered (Human Fighter)                Turns: 1278, Time: 00:01:31

Health: 0/37       AC:  9    Str: 18    XL:     4   Next: 97%
Magic:  4/4        EV:  9    Int:  8    God:
Gold:   122        SH:  5    Dex: 13    Spells: 3/3 levels left

rFire   . . .      SeeInvis .    a - +0 flail
rCold   . . .      Faith    .    c - +0 buckler
rNeg    . . .      Spirit   .    b - +0 scale mail
rPois   .          Reflect  .    (no helmet)
rElec   .          Rampage  .    (no cloak)
rCorr   .                        q - +0 pair of gloves
Will    .....                    p - +0 pair of boots Stlth
                                 (no amulet)
HPRegen 0.26/turn                (no ring)
MPRegen 0.09/turn                (no ring)

@: no status effects
A: no striking features
a: no special abilities


You were on level 3 of the Dungeon.
You visited 1 branch of the dungeon, and saw 3 of its levels.

You collected 122 gold pieces.

Inventory:

Hand Weapons
 a - a +0 flail (weapon)
Armour
 b - a +0 scale mail (worn)
 c - a +0 buckler (worn)
 p - a +0 pair of boots (worn)
 q - a +0 pair of gloves (worn)
Scrolls
 f - a scroll of silence {unknown}
 h - 2 scrolls of amnesia {unknown}
 i - a scroll of enchant weapon {unknown}
 j - 2 scrolls of identify
 l - a scroll of immolation {unknown}
 o - 2 scrolls of teleportation {unknown}
 r - a scroll of summoning {unknown}
Potions
 d - a potion of might
 e - a potion of lignification
 g - a potion of mutation {unknown}
 k - a potion of flight {unknown}
 m - a potion of heal wounds {unknown}
 n - a potion of curing {unknown}


   Skills:
 + Level 3.6 Fighting
 + Level 2.8 Maces & Flails
 + Level 3.6 Armour
 + Level 3.6 Shields


You had 3 spell levels left.
You didn't know any spells.
Your spell library was empty.

Dungeon Overview and Level Annotations

Branches:
Dungeon (3/15)

Altars:
Dithmenos
Nemelex Xobeh

Annotations:
D:3 Ijyb


Message History

Ijyb zaps a wand.
You suddenly lose the ability to move!
A rat comes into view.
Ijyb zaps a wand.
You shrug off the repeated paralysis!
Ijyb hits you but does no damage.
You can move again.
You hit Ijyb but do no damage.
Ijyb is lightly wounded.
Ijyb hits you but does no damage.
You barely miss Ijyb.
Ijyb is lightly wounded.
Ijyb hits you with a +7 club! The rat bites you but does no damage.
You closely miss Ijyb.
Ijyb is lightly wounded.
The rat bites you but does no damage. Ijyb hits you with a +7 club.
You barely miss Ijyb.
Ijyb is lightly wounded.
Ijyb hits you but does no damage. You block the rat's attack.
The rat bites you but does no damage. You block Ijyb's attack.
You closely miss Ijyb.
Ijyb is lightly wounded.
The rat twitches its whiskers.
You block the rat's attack. You block Ijyb's attack.
You closely miss Ijyb.
Ijyb is lightly wounded.
The rat bites you but does no damage. Ijyb screams, "I dance on your bones!"
Ijyb hits you with a +7 club.
* * * LOW HITPOINT WARNING * * *
Ijyb attacks as you move away! Ijyb hits you with a +7 club.
* * * LOW HITPOINT WARNING * * *
A goblin comes into view. It is wielding a +0 dagger.
Ijyb attacks as you move away! You block Ijyb's attack.
The goblin shouts!
You block the goblin's attack.
An endoplasm comes into view.
As you read the scroll labelled MIEKHUPNUCH, it crumbles to dust.
It is a scroll of identify.
e - a potion of lignification You block the goblin's attack.
Ijyb hits you with a +7 club!
You die...

##... ##...##
##..J..####
#........(.
#......#
#######.#..<#
...........##
####.##g####
.......@#
≈≈≈≈≈≈≈g#####
..§...≈.#...
§≈≈≈§.§r#.##
≈...≈.≈...r##
≈._§≈§≈.###.#
.§..§§≈.#
#....#
≈§≈§§.≈.#
#.##.#
......≈.. .##
#


You could see Ijyb, an endoplasm, a goblin and a rat.

Vanquished Creatures
  Jessica (D:2)
  2 gnolls (D:1)
  An adder (D:2)
  A worm (D:2)
  4 ball pythons
  3 endoplasms
  8 giant cockroaches
  A goblin (D:1)
  3 hobgoblins
  A quokka (D:2)
  4 bats
  A frilled lizard (D:1)
  3 kobolds (D:2)
  5 rats
38 creatures vanquished.

Notes
Turn   | Place    | Note
-------+----------+-------------------------------------------
     0 | D:1      | cforsyth the Human Fighter began the quest for the Orb.
     0 | D:1      | Reached XP level 1. HP: 18/18 MP: 1/1
   142 | D:1      | Reached XP level 2. HP: 21/24 MP: 2/2
   277 | D:1      | Reached XP level 3. HP: 16/29 MP: 3/3
   913 | D:2      | Reached XP level 4. HP: 35/35 MP: 4/4
   941 | D:2      | Noticed Jessica
   949 | D:2      | Killed Jessica
   975 | D:2      | Found a shadowy altar of Dithmenos.
  1249 | D:3      | Found a sparkling altar of Nemelex Xobeh.
  1259 | D:3      | Noticed Ijyb
  1263 | D:3      | Paralysed by Ijyb for 2 turns
  1278 | D:3      | Slain by Ijyb

Illustrated notes

Levels and vault maps discovered:
D:1:      dpeg_arrival_short_road, layout_loops_ring, nicolae_grassy_gnolls
D:2:      layout_basic, basic_altar, uniq_jessica
D:3:      layout_loops_ring, mainiacjoe_overflow_concentric_impassable,
          chequers_ecumenical_altar_island, uniq_crazy_yiuf_cottage, uniq_ijyb

Action                     |  1- 3 |  4- 6 || total
---------------------------+-------+-------++-------
  Melee: Flail             |    58 |    37 ||    95
    Use: Scroll            |       |     1 ||     1
 Armour: Scale mail        |    34 |    17 ||    51
  Dodge: Dodged            |    42 |    13 ||    55
  Block: Buckler           |    12 |    13 ||    25

Table legend: (Time is in decaauts)
 A = Elapsed time spent in this place.
 B = Non-inter-level travel time spent in this place.
 C = Inter-level travel time spent in this place.
 D = Time resting spent in this place.
 E = Time spent auto-exploring this place.
 F = Levels seen in this place.
 G = Mean time per level.
                   A        B        C        D        E       F      G
               +--------+--------+--------+--------+--------+-----+--------+
         Total |   1308 |   1260 |     48 |      0 |    986 |   3 |  436.0 |
       Dungeon |   1308 |   1260 |     48 |      0 |    986 |   3 |  436.0 |
               +--------+--------+--------+--------+--------+-----+--------+

Top non-repeatable levels by time:
     D:1: 707 daAuts
     D:2: 564 daAuts
     D:3: 36 daAuts
